 Dungeon Crawl Stone Soup version 0.20.1-1-g8b1a95d (webtiles) character file.

103 Monsterracer the Conjurer (level 4, -11/29 HPs)
             Began as a Draconian Wizard on Aug 18, 2017.
             Was a Follower of Hepliaklqana.
             Mangled by Menkaure (20 damage)
             ... on level 4 of the Dungeon.
             The game lasted 00:05:53 (3181 turns).

Monsterracer the Conjurer (Draconian Wizard)        Turns: 3181, Time: 00:05:54

Health: -11/29     AC:  5    Str:  9    XL:     4   Next: 51%
Magic:  17/17      EV: 12    Int: 20    God:    Hepliaklqana [*.....]
Gold:   205        SH:  0    Dex:  9    Spells: 0/9 levels left

rFire    . . .     SeeInvis .   B - +0 trident
rCold    + . .     Gourm    .   (no shield)
rNeg     . . .     Faith    .   (armour unavailable)
rPois    .         Spirit   .   a - +0 hat
rElec    .         Reflect  .   (no cloak)
rCorr    .         Harm     .   (no gloves)
MR       .....                  (no boots)
Stlth    ++........             (no amulet)
Regen    0.1/turn               j - ring of protection from cold
MPRegen  0.2/turn               p - ring of magical power

@: very slightly contaminated
A: unfitting armour, reduced essence, cold-blooded, AC +5
a: Recall Ancestor, Ancestor Identity, Renounce Religion


You were on level 4 of the Dungeon.
You worshipped Hepliaklqana.
Hepliaklqana was aware of your devotion.
You were not hungry.

You visited 1 branch of the dungeon, and saw 4 of its levels.

You collected 205 gold pieces.

Inventory:

Hand Weapons
 B - a +0 trident (weapon)
Armour
 a - a +0 hat (worn)
Jewellery
 j - a ring of protection from cold (left hand)
 o - an uncursed ring of positive energy
 p - a ring of magical power (right hand)
Wands
 u - a wand of scattershot (9/9)
 v - a wand of flame (30/48)
Scrolls
 d - a scroll of immolation
 s - a scroll of remove curse
 t - a scroll of fog
 x - a scroll of teleportation
Potions
 f - a potion of brilliance
 h - 3 potions of curing
 i - a potion of ambrosia {unknown}
 q - a potion of might {unknown}
 z - a potion of mutation {unknown}
Books
 b - a book of Minor Magic

   Spells                             Type                      Level
   a - Magic Dart                     Conjuration                  1
   b - Blink                          Translocation                2
   c - Call Imp                       Summoning                    2
   d - Slow                           Hexes                        2
   e - Conjure Flame                  Conjuration/Fire             3
   f - Mephitic Cloud                 Conjuration/Poison/Air       3
Comestibles
 c - 2 bread rations
 l - 2 royal jellies
 n - 3 fruits
 r - 3 meat rations


   Skills:
 - Level 1.7 Dodging
 - Level 1.7 Stealth
 + Level 3.1 Spellcasting
 * Level 4.3 Conjurations
 - Level 1.0 Summonings
   Level 1.0 Translocations


You couldn't memorise any spells.
You knew the following spells:

 Your Spells              Type           Power        Failure   Level  Hunger
a - Magic Dart            Conj           ###.         2%          1    None
b - Conjure Flame         Conj/Fire      ##......     17%         3    ###....
c - Mephitic Cloud        Conj/Pois/Air  #.......     24%         3    ###....
d - Call Imp              Summ           #.......     14%         2    ##.....


Dungeon Overview and Level Annotations

Branches:
Dungeon (4/15)
 Temple: D:4-7

Altars:
Hepliaklqana
Nemelex Xobeh

Annotations:
D:4 Menkaure


Innate Abilities, Weirdness & Mutations

Your plain brown scales are hard. (AC +5)
You cannot fit into any form of body armour.
You are cold-blooded and may be slowed by cold attacks.
Your life essence is reduced to manifest your ancestor. (-10% HP)


Message History

Casting: Magic Dart
Confirm with . or Enter, or press ? or * to list all spells.
Okay, then.
Blink to where?
Press: ? - help, Dir - move target cursor You are very lightly contaminated with residual magic.
As you read the scroll labeled NER TEKEIGH, it crumbles to dust.
It was a scroll of blinking.
Menkaure mumbles some strange words.
Menkaure seems to speed up.
Found 16 gold pieces.
e - a scroll of identify
As you read the scroll of identify, it crumbles to dust.
u - a wand of scattershot (9/9) Menkaure hits you!!
Ouch! That really hurt!
* * * LOW HITPOINT WARNING * * *
Menkaure hits you!!
Ouch! That really hurt!
You die...

,,,,,* *,,,,,,,**,,,,,∩ ,,,,,*
*,,,,,,,**,,,,,, ,,,,******
*,,,,,,,**,,**** ,,,,,,,,,**
*,,,,,,,**,** *
,,,,,,**,.######*******##**,*****
,,,,,,**,.......* *,..,,,,*,,,,
,,,,,,,,,.......#####.##**,,,,***
,,,,****,........$......,,,****
,,,*****<.......@##.#*******
***,,,,,,....$Z.M§..# **
,,,,****,........#### *,
*,,>,,**,......./.** *,
*,,,,,**,.........,* *,
,,,,,,***#..#####..** *, ,,,,,,*
*#.#* *,,..,************,
*,,,,,***..* *,,...,**,,,,,,,,,,
*,,,,,,,,,** #.......,,********,


You could see Menkaure and a leopard gecko skeleton.

Vanquished Creatures
  2 adders (D:2)
  2 oozes
  A worm (D:2)
  2 dart slugs (D:1)
  A leopard gecko (D:1)
  3 orcs (D:3)
  2 ball pythons
  8 bats
  6 giant cockroaches
  7 goblins
  2 hobgoblins
  4 kobolds
  A quokka (D:2)
  A frilled lizard (D:2)
  8 rats
50 creatures vanquished.

Vanquished Creatures (collateral kills)
  An adder (D:3)
  An ooze (D:3)
2 creatures vanquished.

Grand Total: 52 creatures vanquished

Notes
Turn   | Place    | Note
-------+----------+-------------------------------------------
     0 | D:1      | Monsterracer the Draconian Wizard began the quest for the Orb.
     0 | D:1      | Reached XP level 1. HP: 14/14 MP: 4/4
   271 | D:1      | Reached skill level 2 in Conjurations
   275 | D:1      | Reached XP level 2. HP: 18/20 MP: 0/6
   938 | D:1      | Reached skill level 3 in Conjurations
  1176 | D:2      | Found a sparkling altar of Nemelex Xobeh.
  1182 | D:2      | Reached XP level 3. HP: 26/26 MP: 5/7
  1187 | D:2      | Learned a level 3 spell: Conjure Flame
  1191 | D:2      | Learned a level 3 spell: Mephitic Cloud
  2067 | D:3      | Reached XP level 4. HP: 26/33 MP: 8/8
  2086 | D:3      | Learned a level 2 spell: Call Imp
  2142 | D:3      | Found a faded altar of an unknown god.
  2265 | D:3      | Became a worshipper of Hepliaklqana the Forgotten
  2265 | D:3      | Reached * piety under Hepliaklqana
  2363 | D:3      | Reached skill level 4 in Conjurations
  2441 | D:3      | HP: 10/29 [orc/trident (10)]
  3179 | D:4      | Noticed Menkaure
  3181 | D:4      | HP: 9/29 [Menkaure (18)]
  3181 | D:4      | Mangled by Menkaure

Skill      XL: |  1  2  3  4 |
---------------+-------------+-----
Conjurations   | 2 3 4 |  4.3
Dodging        | |  1.7
Stealth        | |  1.7
Spellcasting   | |  3.1
Summonings     | |  1.0
Translocations | |  1.0

Action                   |  1- 3 |  4- 6 || total
-------------------------+-------+-------++-------
Melee: Spear             |    34 |       ||    34
       Unarmed           |     4 |       ||     4
       Tailslap          |     3 |       ||     3
 Cast: Magic Dart        |    90 |    43 ||   133
       Mephitic Cloud    |     1 |       ||     1
       Call Imp          |       |     1 ||     1
  Use: Scroll            |       |    13 ||    13
 Stab: Sleeping          |     1 |       ||     1
  Eat: Chunk             |     3 |     4 ||     7
Armor: Skin              |    13 |     5 ||    18
Dodge: Dodged            |    34 |    14 ||    48
